 Dungeon Crawl Stone Soup version 0.18-a0-1284-g43455fe (webtiles) character file.

681 RedPan the Carver (level 7, 0/52 HPs)
             Began as a Formicid Fighter on Feb 8, 2016.
             Slain by an iguana (12 damage)
             ... on level 5 of the Dungeon.
             The game lasted 00:08:22 (4074 turns).

RedPan the Carver (Formicid Fighter)                Turns: 4074, Time: 00:08:22

Health: 0/52       AC:  7    Str: 22    XL:     7   Next: 92%
Magic:  7/7        EV:  9    Int:  8    God:
Gold:   192        SH:  0    Dex: 15    Spells: 0 memorised, 6 levels left

rFire  . . .     SeeInvis +     a - +1 long sword
rCold  . . .     Gourm    .     b - +0 scale mail
rNeg   . . .     Faith    .     (no shield)
rPois  .         Spirit   .     (helmet unavailable)
rElec  .         Dismiss  .     (no cloak)
rCorr  .         Reflect  .     (no gloves)
SustAt .         Harm     .     (no boots)
MR     .....                    n - amulet of magic regeneration
Stlth  ..........               l - ring of teleportation (curse)
                                e - +6 ring of dexterity

@: not resistant to hostile enchantments, extremely unstealthy
A: permanent stasis, dig shafts and tunnels, four strong arms, antennae 3, rough
black scales 1, deformed body, regeneration 1
a: Dig, Shaft Self


You were on level 5 of the Dungeon.
You were very hungry.

You visited 1 branch of the dungeon, and saw 5 of its levels.

You collected 192 gold pieces.

Inventory:

Hand Weapons
 a - a +1 long sword (weapon)
Armour
 b - a +0 scale mail (worn)
 c - a +0 shield
Jewellery
 e - a +6 ring of dexterity (left hand)
 l - a cursed ring of teleportation (right hand)
 n - an amulet of magic regeneration (around neck)
 p - an uncursed amulet of magic regeneration
 t - an uncursed ring of ice
 u - an uncursed amulet of dismissal
Wands
 q - a wand of slowing (16/48)
Scrolls
 d - a scroll of fear
 g - 2 scrolls of remove curse
 m - 3 scrolls of identify
Potions
 i - a potion of brilliance
Comestibles
 f - 3 bread rations
 h - a slice of pizza
 j - a beef jerky
 k - 3 meat rations
 o - 2 fruits


   Skills:
 - Level 3.2 Fighting
 - Level 8.2 Long Blades
 - Level 3.2 Armour
 + Level 3.9 Shields


You had 6 spell levels left.
You didn't know any spells.

Dungeon Overview and Level Annotations

Branches:
Dungeon (5/15)
 Temple: D:4-7

Altars:
Ashenzari
Cheibriados
Fedhas
Trog


Innate Abilities, Weirdness & Mutations

You are under a permanent stasis effect.
You can dig through walls and to a lower floor.
Your four strong arms can wield two-handed weapons with a shield.
You have a pair of large antennae on your head (SInv).
You are partially covered in rough black scales (AC +4, Dex -1).
Armour fits poorly on your strangely shaped body.
Your natural rate of healing is unusually fast.


Message History

The iguana barely misses you.
You slash the iguana!
The iguana is severely wounded.
The iguana bites you.
You barely miss the iguana.
The iguana is severely wounded.
The iguana barely misses you.
You hit the iguana.
The iguana is almost dead.
You are feeling very hungry.
The iguana bites you!
* * * LOW HITPOINT WARNING * * *
You are too injured to fight recklessly!
You closely miss the iguana.
The iguana is almost dead.
The iguana completely misses you.
You closely miss the iguana.
The iguana is almost dead.
The iguana bites you!
You die...

##########.. #...........
##...@l...# #..# #...#######
#..# #...## ### #..##
#....##### ##.##
##...###........## ###....
#...........#....######......
##.........######.............
#..........## ##.......##...
#.....).....## ##....#####..


You could see an iguana.

Vanquished Creatures
  Sigmund (D:3)
  The ghost of sKa the Ruffian, an amateur TrMo of Gozag (D:3)
  A scorpion (D:4)
  A crimson imp (D:3)
  2 orc wizards (D:4)
  2 worker ants (D:4)
  A killer bee zombie (D:5)
  10 adders
  3 oozes
  3 worms
  3 giant geckos
  8 orcs
  8 bats
  4 giant cockroaches (D:3)
  5 hobgoblins
  6 jackals
  A quokka (D:4)
  10 goblins
  11 kobolds
  8 rats
89 creatures vanquished.

Vanquished Creatures (others)
  An orc wizard (D:4)
1 creature vanquished.

Grand Total: 90 creatures vanquished

Notes
Turn   | Place    | Note
--------------------------------------------------------------
     0 | D:1      | RedPan the Formicid Fighter began the quest for the Orb.
     0 | D:1      | Reached XP level 1. HP: 18/18 MP: 1/1
   181 | D:1      | Reached XP level 2. HP: 17/24 MP: 2/2
   511 | D:1      | Reached XP level 3. HP: 24/29 MP: 3/3
  1184 | D:2      | Found a shattered altar of Ashenzari.
  1222 | D:2      | Reached skill level 4 in Long Blades
  1222 | D:2      | Reached XP level 4. HP: 12/35 MP: 4/4
  1297 | D:2      | Gained mutation: You are partially covered in rough black scales (AC +4, Dex -1). [potion of mutation]
  1297 | D:2      | Gained mutation: Your natural rate of healing is unusually fast. [potion of mutation]
  1297 | D:2      | Gained mutation: Armour fits poorly on your strangely shaped body. [potion of mutation]
  1966 | D:2      | Reached XP level 5. HP: 29/41 MP: 5/5
  2092 | D:2      | Reached skill level 5 in Long Blades
  2736 | D:3      | Noticed sKa's ghost (amateur TrMo)
  2793 | D:3      | Killed sKa's ghost
  2793 | D:3      | Reached skill level 6 in Long Blades
  2793 | D:3      | Reached XP level 6. HP: 13/47 MP: 6/6
  2925 | D:3      | Noticed Sigmund
  2944 | D:3      | Killed Sigmund
  2944 | D:3      | Reached skill level 7 in Long Blades
  2944 | D:3      | Reached XP level 7. HP: 7/52 MP: 7/7
  2952 | D:3      | Found a bloodstained altar of Trog.
  3290 | D:4      | Found a blossoming altar of Fedhas.
  3365 | D:4      | Reached skill level 8 in Long Blades
  3782 | D:4      | Found a snail-covered altar of Cheibriados.
  3939 | D:5      | Entered Level 5 of the Dungeon
  4074 | D:5      | Slain by an iguana

Vault maps used:
D:1:      lightli_molten_gateway
D:2:      marbit_many_paths
D:3:      trog_butcher_becter, uniq_sigmund
D:4:      overflow_temple_1_default, lemuel_crystal_altar, first_bread
D:5:      tso_altar, uniq_blork_the_orc, uniq_duvessa

Action                   |  1- 3 |  4- 6 |  7- 9 || total
-------------------------+-------+-------+-------++-------
Melee: Long sword        |    96 |   157 |   111 ||   364
  Use: Potion            |       |     5 |       ||     5
       Scroll            |       |     8 |       ||     8
  Eat: Chunk             |       |     5 |     3 ||     8
       Beef jerky        |       |     1 |       ||     1
